 Dungeon Crawl Stone Soup version 0.29-a0-550-g81e455f4c2 (webtiles) character file.

Game seed: 16080365193075235016

133 Lekart the Skirmisher (level 4, 0/40 HPs)
             Began as a Draconian Abyssal Knight on June 5, 2022.
             Was a Priest of Lugonu.
             Succumbed to a gnoll's poison
             ... on level 3 of the Dungeon.
             The game lasted 00:03:01 (2452 turns).

Lekart the Skirmisher (Draconian Abyssal Knight)    Turns: 2452, Time: 00:03:01

Health: 0/40       AC:  5    Str: 15    XL:     4   Next: 93%
Magic:  6/6        EV: 12    Int: 10    God:    Lugonu [***...]
Gold:   135        SH:  0    Dex: 14    Spells: 3/3 levels left

rFire   . . .      SeeInvis .   e - +8 war axe (vorpal)
rCold   . . .      Faith    .   (no shield)
rNeg    . . .      Spirit   .   (body armour unavailable)
rPois   .          Reflect  .   (helmet restricted)
rElec   .          Harm     .   o - scarf {shadows}
rCorr   .          Rampage  .   (no gloves)
Will    .....                   (no boots)
Stlth   +.........              (no amulet)
HPRegen 0.13/turn               (no ring)
MPRegen 0.10/turn               (no ring)

@: lethally poisoned (0 -> -29)
A: AC +5, unfitting armour, cold-blooded
a: Renounce Religion, Depart the Abyss, Bend Space, Banish


You were on level 3 of the Dungeon.
You worshipped Lugonu.
Lugonu was most pleased with you.
You visited 1 branch of the dungeon, and saw 3 of its levels.
You visited the Abyss 1 time.

You collected 135 gold pieces.

Inventory:

Hand Weapons
 a - a +1 hand axe
 e - a +8 vorpal war axe (weapon)
Missiles
 n - 2 throwing nets
Armour
 o - a scarf of shadows (worn)
Jewellery
 g - a +6 ring of strength
Scrolls
 d - 2 scrolls of teleportation
 h - 2 scrolls of immolation
 i - 2 scrolls of identify
 l - a scroll of fear {unknown}
Potions
 b - a potion of curing
 c - a potion of haste
 f - a potion of invisibility {unknown}
 j - a potion of brilliance {unknown}
 k - a potion of flight {unknown}
 m - 2 potions of heal wounds {unknown}
 p - a potion of degeneration {unknown}


   Skills:
 + Level 4.1 Fighting
 + Level 3.5 Axes
 + Level 2.8 Dodging
 * Level 3.0 Invocations


You had 3 spell levels left.
You didn't know any spells.
Your spell library contained the following spells:

 Spells                   Type           Power      Damage    Failure   Level
 Static Discharge         Conj/Air       0%         N/A       50%         2
 Lightning Bolt           Conj/Air       0%         1d11      100%        5
 Maxwell's Capacitive Co  Air            0%         ∞         100%        8


Dungeon Overview and Level Annotations

Branches:
Dungeon (3/15)

Altars:

Annotations:
D:2 exclusion: downstairs


Innate Abilities, Weirdness & Mutations

Your plain brown scales are hard. (AC +5)
You cannot fit into any form of body armour.
You are cold-blooded and may be slowed by cold attacks.


Message History

There is an open door here.
The gnoll shouts!
The gnoll closely misses you.
You slash the gnoll!
You kill the gnoll!
Lugonu accepts your kill. The gnoll closely misses you.
The gnoll barely misses you. The gnoll hits you but does no damage.
You are poisoned.
You barely miss the gnoll. You tail-slap the gnoll.
The gnoll is heavily wounded.
You feel sick. The gnoll hits you with a +0 flail!
The gnoll hits you but does no damage.
You are more poisoned.
You slash the gnoll!
You kill the gnoll!
Lugonu accepts your kill.
You feel very sick.
The gnoll hits you from afar with a +1 halberd of venom.
You are more poisoned.
The gnoll barely misses you.
You feel very sick.
The gnoll hits you with a +1 halberd of venom!
* * * LOW HITPOINT WARNING * * *
You are more poisoned.
You feel better. The gnoll hits you but does no damage.
You are poisoned.
Press: ? - help, Shift-Dir - straight line, f - gnoll
Aim: a gnoll, wielding a +1 halberd of venom (chance to affect: 86%)
You fail to use your ability.
You feel sick. The gnoll barely misses you.
Press: ? - help, Shift-Dir - straight line, f/p - gnoll
Aim: a gnoll, wielding a +1 halberd of venom (chance to affect: 86%)
You fail to use your ability.
You feel sick.
The gnoll hits you with a +1 halberd of venom!
* * * LOW HITPOINT WARNING * * *
You are lethally poisoned!
Press: ? - help, Shift-Dir - straight line, f/p - gnoll
Aim: a gnoll, wielding a +1 halberd of venom (chance to affect: 86%)
You fail to use your ability.
You die...

######## #......#
#......# ########
###......#######.......
.'......'.........>###
#..^...#######.##.#
#...)..##.......#.#
#...@..##.#######.###
#....g....#.......#....
#.........#######.#####
#.........##..........<
#.........##.#####.###.
#......#####.....#.# #.
.......# #######.#.# ##
#.......#.# #.#######.#


You could see a gnoll.

Vanquished Creatures
  5 gnolls (D:3)
  3 adders
  A worm (D:2)
  A dart slug (D:1)
  3 orcs (D:3)
  5 bats
  5 endoplasms
  5 giant cockroaches
  A goblin (D:2)
  5 hobgoblins
  4 ball pythons
  5 frilled lizards
  4 kobolds
  2 rats
49 creatures vanquished.

Notes
Turn   | Place    | Note
-------+----------+-------------------------------------------
     0 | Abyss:1  | Lekart the Draconian Abyssal Knight began the quest for the
                  | Orb.
     0 | Abyss:1  | Reached XP level 1. HP: 19/19 MP: 2/2
     9 | D:1      | Escaped the Abyss
   551 | D:1      | Reached XP level 2. HP: 26/26 MP: 3/3
  1119 | D:1      | Identified a scroll of acquirement
  1119 | D:1      | Acquired a +8 vorpal war axe
  1170 | D:2      | Reached XP level 3. HP: 29/33 MP: 4/4
  1685 | D:2      | Found a faded altar of an unknown god.
  1754 | D:2      | Reached skill level 4 in Fighting
  1981 | D:2      | Reached *** piety under Lugonu
  2215 | D:3      | Reached XP level 4. HP: 39/40 MP: 6/6
  2452 | D:3      | Succumbed to a gnoll's poison

Illustrated notes

Levels and vault maps discovered:
D:1:      lightli_arrival_statuegarden, layout_loops_corners, minmay_bisected
D:2:      layout_loops_corners, basic_ecumenical_altar
D:3:      layout_basic, item_on_display_a, uniq_grinder, uniq_terence

Skill      XL: |  1  2  3  4 |
---------------+-------------+-----
Fighting       | 4 |  4.1
Axes           | 3 |  3.5
Invocations    | 3 |  3.0
Dodging        | |  2.8

Action                   |  1- 3 |  4- 6 || total
-------------------------+-------+-------++-------
Melee: Hand axe          |    52 |       ||    52
       War axe           |    42 |    13 ||    55
       Tailslap          |     1 |     1 ||     2
       Punch             |     1 |       ||     1
  Use: Scroll            |     6 |     1 ||     7
       Potion            |       |     1 ||     1
 Stab: Sleeping          |     2 |       ||     2
       Distracted        |       |     1 ||     1
Armor: Skin              |    29 |     3 ||    32
Dodge: Dodged            |    77 |     9 ||    86

Table legend: (Time is in decaauts)
 A = Elapsed time spent in this place.
 B = Non-inter-level travel time spent in this place.
 C = Inter-level travel time spent in this place.
 D = Time resting spent in this place.
 E = Time spent auto-exploring this place.
 F = Levels seen in this place.
 G = Mean time per level.
                   A        B        C        D        E       F      G
               +--------+--------+--------+--------+--------+-----+--------+
         Total |   2481 |   2422 |     59 |      0 |   2074 |   4 |  620.2 |
       Dungeon |   2472 |   2413 |     59 |      0 |   2070 |   3 |  824.0 |
         Abyss |      9 |      9 |      0 |      0 |      4 |   1 |    9.0 |
               +--------+--------+--------+--------+--------+-----+--------+

Top non-repeatable levels by time:
     D:1: 1133 daAuts
     D:2: 1034 daAuts
     D:3: 304 daAuts
 Abyss:1: 9 daAuts
